Unix NetHack Version 3.7.0-80 Work-in-progress - last build Apr 4 2023 12:38:21 (790859391a0ee7bd3181b412646ad1b7e633ff00,branch:master). Game began 2023-04-14 08:10:58, ended 2023-04-14 08:36:13. spontiff, neutral male gnomish Healer ------ - |(((.|-- ---- ---...--- |(((.-.| -------..-- ---- -.......-- |(/(.|.| |.........-----+ ------|... .. |..--.........---------.--+-- --.............. |(((.|-... ...-|.......G...|...............----....{.....---- |.((.-...--....--..........|-..-----.---.-...............+ |..(.|-...---........|....-|.....--|..|..|-.............-- ------|....|...|..--.|...---..|...-|..|...-.r.k....---.-- ---....------|.|-..|...---...------....@...-. --|--- .......- |.|---|..........|......)...@).* |....| ...{... . |.| ----.......|........@...-- |.$..| ....... ..-.| --.---..|...G.....h@.@| ------ ......- --|.| |.| ---|.............--... .-+-- |.| |.| --....-............--- |.+ ---|--- --...##-.-..........|-- |.....| |..| * ##-........-|.-- |.._..| |..|-.........|....|..-- |.....| |..-..........|---.....| ------- --.......------ ---..<| --------- ----- Spontiff the Rhizotomist St:9 Dx:10 Co:15 In:8 Wi:15 Ch:18 Neutral S:324 Dlvl:7 $:85 HP:0(33) Pw:4(2) AC:1 Xp:1/6 T:1389 Latest messages: You hear some noises in the distance. The kobold misses! The giant rat bites! The giant rat bites! You are beginning to feel weak. Your movements are slowed slightly because of your load. What do you want to eat? [nyQ or ?*] Q This cram ration is bland. The giant rat misses! You stop eating the cram ration. The iguana misses! Your movements are now unencumbered. The giant rat misses! The giant rat misses! What do you want to use or apply? [aijoswxJSX or ?*] k Sorry, I don't know how to use that. This door is locked. In what direction? k Whammm!! You hear some noises in the distance. The giant rat misses! In what direction? k Thwack!! The giant rat bites! The kobold hits! In what direction? k As you kick the door, it crashes open! A watchman yells: "Halt, thief! You're under arrest!" An angry guard is approaching! The giant rat misses! The kobold hits! The watchman throws a spear! The spear hits the gnome. The watchman throws a knife! You are almost hit by a knife. The watchman wields a short sword! What do you want to zap? [S or ?*] ? In what direction? j The sleep ray hits the watchman. The sleep ray hits the watchman. The watch captain wields a long sword! The watchman picks up a knife. The watch captain throws a spear! A spear misses you. The watchman zaps a silver wand! The bolt of lightning hits you! You die... Do you want your possessions identified? [ynq] (y) y Do you want to see the dungeon overview? [ynq] (y) y Inventory: Coins $ - 85 gold pieces Weapons W - an uncursed very corroded +0 dart k - an uncursed +0 scalpel (alternate weapon; not wielded) Armor h - an uncursed +0 elven leather helm (being worn) g - an uncursed +1 pair of leather gloves (being worn) z - a cursed -1 pair of fumble boots V - a cursed -1 pair of fumble boots G - a cursed -1 pair of levitation boots v - an uncursed rotted +0 pair of water walking boots (being worn) d - an uncursed +0 leather armor (being worn) Comestibles y - an uncursed apple Q - an uncursed partly eaten cram ration n - an uncursed food ration Scrolls D - an uncursed scroll of destroy armor Spellbooks j - a blessed spellbook of extra healing i - a blessed spellbook of healing a - a blessed spellbook of stone to flesh Potions c - a blessed potion of healing A - an uncursed potion of oil Wands S - an uncursed wand of sleep (0:3) Tools o - an uncursed magic whistle w - an uncursed mirror x - an uncursed oil lamp (lit) X - an uncursed oil lamp s - an uncursed stethoscope J - an uncursed tinning kit (0:95) Gems/Stones m - an uncursed fluorite stone E - an uncursed topaz stone I - an uncursed worthless piece of black glass T - a cursed worthless piece of blue glass F - an uncursed worthless piece of white glass H - an uncursed worthless piece of yellowish brown glass Spontiff the Healer's attributes: Background: You were a Rhizotomist, a level 1 male gnomish Healer. You were neutral, on a mission for Hermes who was opposed by Athena (lawful) and Poseidon (chaotic). You were in the Gnomish Mines, on level 7. You entered the dungeon 1389 turns ago. You had 6 experience points, 14 more were needed to attain level 2. Your score was 324 before end-of-game adjustments. Basics: You had 0 out of 33 hit points. You had 4 out of 2 energy points (spell power). Your armor class was 1. Your wallet contained 85 zorkmids. Autopickup was on for '$!/="?' plus thrown, with exceptions. Final Characteristics: Your strength was 9 (limit:18/50). Your dexterity was 10 (limit:18). Your constitution was 15 (limit:18). Your intelligence was 8 (limit:19). Your wisdom was 15 (limit:18). Your charisma was 18 (limit:18). Final Status: You were not hungry. You were unencumbered. You were empty handed. You were unskilled in bare handed combat. Final Attributes: You were fervently aligned. You were poison resistant. You had infravision. You could walk on water. You had a small defense bonus (+4). You were warded. You are dead. Miscellaneous: You never encountered a bones level. Total elapsed playing time was 25 minutes and 14 seconds. Major events: Turn 1: spontiff the neutral male gnomish Healer entered the dungeon 583: entered the Gnomish Mines 990: reached Mine Town 1389: killed by a bolt of lightning imagined by a watchman Vanquished creatures: a kitten a dwarf a kobold a goblin a grid bug a newt 6 creatures vanquished. No species were genocided or became extinct. Voluntary challenges: You were vegetarian. You never hit with a wielded weapon. You read items or engraved 4 times. You engraved Elbereth 1 time. You never genocided any monsters. You never polymorphed an object. You never changed form. You used no wishes. Achievements: You entered a shop. You entered the Gnomish Mines. You entered Minetown. You entered a temple. The Dungeons of Doom: levels 1 to 3 Level 1: A fountain. Level 2: An armor shop, a fountain. Level 3: Stairs down to The Gnomish Mines. The Gnomish Mines: levels 4 to 7 Level 4: Level 5: Level 6: Level 7: <- You were here. Many shops, a temple, some fountains. Final resting place for you, killed by a bolt of lightning imagined by a watchman. Game over: ---------- / \ / REST \ / IN \ / PEACE \ / \ | spontiff | | 85 Au | | killed by a bolt | | of lightning | | imagined by a | | watchman | | 2023 | *| * * * | * _________)/\\_//(\/(/\)/\//\/|_)_______ Goodbye spontiff the Healer... You died in The Gnomish Mines on dungeon level 7 with 324 points, and 85 pieces of gold, after 1389 moves. You were level 1 with a maximum of 33 hit points when you died.